 Dungeon Crawl Stone Soup version 0.28-a0-823-gb444dcf96d (webtiles) character file.

Game seed: 4700682221342436428

501 Rennog the Grave Robber (level 7, -1/51 HPs)
             Began as a Gnoll Necromancer on Nov 9, 2021.
             Was a High Priest of Ignis.
             Slain by a phantom (9 damage)
             ... on level 4 of the Dungeon.
             The game lasted 00:07:13 (4508 turns).

Rennog the Grave Robber (Gnoll Necromancer)         Turns: 4508, Time: 00:07:14

Health: -1/51      AC:  3    Str: 10    XL:     7   Next: 17%
Magic:  9/15       EV: 13    Int: 14    God:    Ignis [*****.]
Gold:   284        SH:  0    Dex: 12    Spells: 7/17 levels left

rFire   + . .      SeeInvis .   o - +0 demon trident (venom)
rCold   . . .      Faith    .   (no shield)
rNeg    . . .      Spirit   .   a - +0 robe
rPois   .          Reflect  .   x - +0 helmet
rElec   .          Harm     .   w - scarf {repulsion}
rCorr   .          Rampage  .   (no gloves)
Will    .....                   (no boots)
Stlth   +++.......              (no amulet)
HPRegen 0.17/turn               (no ring)
MPRegen 0.14/turn               (no ring)

@: flying, repel missiles
A: fangs 1, strong nose, distributed training
a: Renounce Religion, Sea of Fire, Foxfire Swarm, Rising Flame


You were on level 4 of the Dungeon.
You worshipped Ignis.
Ignis was extremely pleased with you.
You visited 1 branch of the dungeon, and saw 5 of its levels.

You collected 284 gold pieces.

Inventory:

Hand Weapons
 e - a +0 whip
 o - a +0 demon trident of venom (weapon)
Armour
 a - a +0 robe (worn)
 v - the +0 buckler of Nudiaw {rCorr}
   (You found it on level 4 of the Dungeon)

   rCorr:     It protects you from acid and corrosion.
 w - a scarf of repulsion (worn)
 x - a +0 helmet (worn)
Jewellery
 d - a ring of fire
Scrolls
 b - a scroll of fear {unknown}
 h - a scroll of acquirement {unknown}
 j - 2 scrolls of vulnerability {unknown}
 k - a scroll of noise {unknown}
 l - a scroll of magic mapping {unknown}
 u - 3 scrolls of holy word {unknown}
 y - a scroll of teleportation {unknown}
 z - a scroll of identify {unknown}
Potions
 c - a potion of invisibility {unknown}
 f - a potion of curing
 g - a potion of haste {unknown}
 i - 2 potions of ambrosia {unknown}
 m - a potion of heal wounds {unknown}
 n - 2 potions of flight
 p - a potion of attraction {unknown}
 q - a potion of berserk rage {unknown}
 r - a potion of brilliance {unknown}
 s - a potion of magic {unknown}
 t - 2 potions of degeneration {unknown}


   Skills:
 + Level 2.3 Fighting
 + Level 2.3 Short Blades
 + Level 2.3 Long Blades
 + Level 2.3 Axes
 + Level 2.3 Maces & Flails
 + Level 2.3 Polearms
 + Level 2.3 Staves
 + Level 2.3 Slings
 + Level 2.3 Bows
 + Level 2.3 Crossbows
 + Level 2.3 Throwing
 + Level 2.3 Armour
 + Level 5.1 Dodging
 + Level 4.8 Stealth
 + Level 2.3 Shields
 + Level 2.3 Unarmed Combat
 + Level 5.5 Spellcasting
 + Level 1.9 Conjurations
 + Level 1.9 Hexes
 + Level 1.9 Summonings
 + Level 7.4 Necromancy
 + Level 1.9 Translocations
 + Level 1.9 Transmutations
 + Level 1.9 Fire Magic
 + Level 1.9 Ice Magic
 + Level 1.9 Air Magic
 + Level 1.9 Earth Magic
 + Level 1.9 Poison Magic
 + Level 2.5 Invocations
 + Level 2.3 Evocations


You had 7 spell levels left.
You knew the following spells:

 Your Spells              Type           Power      Damage    Failure   Level
a - Pain                  Necr           96%        1d8       1%          1
b - Vampiric Draining     Necr           24%        2d7       2%          3
c - Sublimation of Blood  Necr           24%        N/A       1%          2
d - Animate Dead          Necr           12%        N/A       8%          4

Your spell library contained the following spells:

 Spells                   Type           Power      Damage    Failure   Level
 Animate Skeleton         Necr           48%        N/A       1%          1
 Blink                    Tloc           18%        N/A       12%         2
 Wereblood                Tmut           9%         N/A       12%         2
 Lesser Beckoning         Tloc           9%         N/A       22%         3
 Agony                    Necr           24%        N/A       22%         5
 Manifold Assault         Tloc           9%         N/A       91%         5
 Summon Hydra             Summ           4%         N/A       100%        7


Dungeon Overview and Level Annotations

Branches:
Dungeon (5/15)
 Temple: D:4-7

Altars:
Gozag
Ignis


Innate Abilities, Weirdness & Mutations

You have very sharp teeth.
Your uncanny sense of smell can sniff out nearby items.
Your experience applies equally to all skills.


Message History

Casting: Vampiric Draining (dangerous; 2% risk of failure)
Confirm with . or Enter, or press ? or * to list all spells.
You can't see any susceptible monsters within range! (Use Z to cast anyway.) Unknown command.
You feel sick.
The yak bellows!
The phantom hits you.
The phantom blinks!
You blink.
You feel sick.
You feel sick. 2 yaks come into view.
You feel sick.
You are no longer poisoned.
The killer bee zombie barely misses you.
There is a stone staircase leading up here.
The killer bee zombie hits you.
The killer bee zombie closely misses you.
The phantom hits you!
* * * LOW HITPOINT WARNING * * *
You climb upwards.
There is a stone staircase leading down here.
You hit the phantom.
The phantom is moderately damaged.
The phantom hits you.
* * * LOW HITPOINT WARNING * * *
You puncture the phantom!
The phantom is severely damaged.
The phantom hits you.
* * * LOW HITPOINT WARNING * * *
Okay, then.
Okay, then.
It was a potion of flight.
You feel very buoyant.
You fly up into the air.
The phantom hits you.
* * * LOW HITPOINT WARNING * * *
Okay, then.
It was a potion of curing.
You feel better. The phantom hits you!
* * * LOW HITPOINT WARNING * * *
The phantom blinks!
You blink.
You feel better. The phantom hits you!
You die...

...#..)###.# #.# ##.#.### #.#
#.# #....# #.# #.# ####.# #.#
#.# #.# #.# #.# #.# #.# #ยง#
#.# #.# #.# ############# #.#
#.######W###............
#.####......@.....##########.
#........########## #.
########## ##


You could see a phantom.

Vanquished Creatures
  A steam dragon (D:4)
  A water moccasin skeleton (D:4)
  2 centaur skeletons (D:4)
  An orc priest (D:4)
  Jessica (D:3)
  A scorpion zombie (D:4)
  An orc wizard (D:3)
  5 adders
  An adder skeleton (D:4)
  4 worms
  2 dart slugs
  13 orcs
  7 endoplasms
  A giant cockroach (D:4)
  10 goblins
  3 hobgoblins
  5 jackals (D:4)
  A quokka (D:3)
  8 ball pythons
  3 bats
  5 frilled lizards
  12 kobolds
  3 rats
91 creatures vanquished.

Vanquished Creatures (others)
  A plant (D:3)
1 creature vanquished.

Grand Total: 92 creatures vanquished

Notes
Turn   | Place    | Note
-------+----------+-------------------------------------------
     0 | D:1      | Rennog the Gnoll Necromancer began the quest for the Orb.
     0 | D:1      | Reached XP level 1. HP: 13/13 MP: 6/6
   266 | D:1      | Reached XP level 2. HP: 18/19 MP: 5/7
   485 | D:1      | Found a faded altar of an unknown god.
   511 | D:1      | Prayed at the altar of an unknown god.
   511 | D:1      | Became a worshipper of Ignis, the Dying Flame
   907 | D:1      | Reached XP level 3. HP: 23/25 MP: 6/9
   943 | D:1      | Reached skill level 5 in Spellcasting
  1100 | D:2      | Learned a level 3 spell: Vampiric Draining
  1152 | D:2      | Reached skill level 1 in Invocations
  1292 | D:2      | Reached skill level 1 in Fighting
  1292 | D:2      | Reached skill level 1 in Short Blades
  1292 | D:2      | Reached skill level 1 in Long Blades
  1292 | D:2      | Reached skill level 1 in Axes
  1292 | D:2      | Reached skill level 1 in Maces & Flails
  1292 | D:2      | Reached skill level 1 in Polearms
  1292 | D:2      | Reached skill level 1 in Staves
  1292 | D:2      | Reached skill level 1 in Slings
  1292 | D:2      | Reached skill level 1 in Bows
  1292 | D:2      | Reached skill level 1 in Crossbows
  1292 | D:2      | Reached skill level 1 in Throwing
  1292 | D:2      | Reached skill level 1 in Armour
  1292 | D:2      | Reached skill level 1 in Shields
  1292 | D:2      | Reached skill level 1 in Unarmed Combat
  1292 | D:2      | Reached skill level 1 in Evocations
  1292 | D:2      | Reached XP level 4. HP: 29/32 MP: 8/11
  1982 | D:3      | Reached skill level 1 in Conjurations
  1982 | D:3      | Reached skill level 1 in Hexes
  1982 | D:3      | Reached skill level 1 in Summonings
  1982 | D:3      | Reached skill level 1 in Translocations
  1982 | D:3      | Reached skill level 1 in Transmutations
  1982 | D:3      | Reached skill level 1 in Fire Magic
  1982 | D:3      | Reached skill level 1 in Ice Magic
  1982 | D:3      | Reached skill level 1 in Air Magic
  1982 | D:3      | Reached skill level 1 in Earth Magic
  1982 | D:3      | Reached skill level 1 in Poison Magic
  2096 | D:3      | Noticed Jessica
  2110 | D:3      | Killed Jessica
  2111 | D:3      | Reached XP level 5. HP: 27/37 MP: 12/12
  2354 | D:3      | Learned a level 2 spell: Sublimation of Blood
  2359 | D:3      | Learned a level 4 spell: Animate Dead
  3228 | D:4      | Reached XP level 6. HP: 22/44 MP: 13/13
  3896 | D:4      | Reached skill level 5 in Dodging
  4062 | D:4      | Identified the +0 buckler of Nudiaw {rCorr}
  4218 | D:4      | Noticed a steam dragon
  4241 | D:4      | Killed a steam dragon
  4242 | D:4      | Reached XP level 7. HP: 51/51 MP: 2/15
  4444 | D:5      | Entered Level 5 of the Dungeon
  4461 | D:5      | Found an opulent altar of Gozag.
  4497 | D:5      | Noticed a yak
  4501 | D:5      | Noticed a yak
  4501 | D:5      | Noticed a yak
  4507 | D:4      | HP: 2/51 [phantom (9)]
  4508 | D:4      | Slain by a phantom

Illustrated notes

Levels and vault maps discovered:
D:1:      amcnicky_arrival_single_pillar, layout_loops_ring,
          shapermc_ecumenical_altar_petra
D:2:      layout_rooms
D:3:      corexii_shack_village, layout_basic, uniq_jessica
D:4:      minmay_chambers_of_fours, layout_loops_ring
D:5:      layout_rooms, nicolae_gozag_seed_capital, hex_intersection,
          amcnicky_mini_pool_small, nicolae_shop_overcharged_wands

Skill      XL: |  1  2  3  4  5  6 |
---------------+-------------------+-----
Spellcasting   | 5 |  5.5
Invocations    | 1 2 |  2.5
Fighting       | 1 2 |  2.3
Short Blades   | 1 2 |  2.3
Long Blades    | 1 2 |  2.3
Axes           | 1 2 |  2.3
Maces & Flails | 1 2 |  2.3
Polearms       | 1 2 |  2.3
Staves         | 1 2 |  2.3
Slings         | 1 2 |  2.3
Bows           | 1 2 |  2.3
Crossbows      | 1 2 |  2.3
Throwing       | 1 2 |  2.3
Armour         | 1 2 |  2.3
Shields        | 1 2 |  2.3
Unarmed Combat | 1 2 |  2.3
Evocations     | 1 2 |  2.3
Conjurations   | 1 |  1.9
Hexes          | 1 |  1.9
Summonings     | 1 |  1.9
Translocations | 1 |  1.9
Transmutations | 1 |  1.9
Fire Magic     | 1 |  1.9
Ice Magic      | 1 |  1.9
Air Magic      | 1 |  1.9
Earth Magic    | 1 |  1.9
Poison Magic   | 1 |  1.9
Dodging        | 5 |  5.1
Stealth        | |  4.8
Necromancy     | |  7.4

Action                   |  1- 3 |  4- 6 |  7- 9 || total
-------------------------+-------+-------+-------++-------
Melee: Unarmed           |     4 |       |       ||     4
       Bite              |     2 |     7 |       ||     9
       Whip              |     4 |     2 |       ||     6
       Demon trident     |       |   129 |     3 ||   132
       Punch             |       |     1 |       ||     1
 Cast: Pain              |    40 |    28 |     2 ||    70
       Vampiric Draining |     2 |     9 |     2 ||    13
       Animate Dead      |       |     1 |       ||     1
  Use: Potion            |       |       |     3 ||     3
 Stab: Distracted        |     1 |     2 |       ||     3
       Sleeping          |       |     7 |       ||     7
Armor: Robe              |     2 |    14 |       ||    16
Dodge: Dodged            |    11 |    62 |     2 ||    75

Table legend: (Time is in decaauts)
 A = Elapsed time spent in this place.
 B = Non-inter-level travel time spent in this place.
 C = Inter-level travel time spent in this place.
 D = Time resting spent in this place.
 E = Time spent auto-exploring this place.
 F = Levels seen in this place.
 G = Mean time per level.
                   A        B        C        D        E       F      G
               +--------+--------+--------+--------+--------+-----+--------+
         Total |   4535 |   4378 |    157 |      0 |   3793 |   5 |  907.0 |
       Dungeon |   4535 |   4378 |    157 |      0 |   3793 |   5 |  907.0 |
               +--------+--------+--------+--------+--------+-----+--------+

Top non-repeatable levels by time:
     D:4: 1611 daAuts
     D:3: 1091 daAuts
     D:1: 1085 daAuts
     D:2: 687 daAuts
     D:5: 58 daAuts
